[Event "Chessable Masters - Torneo preliminare"]
[White "Lazavik, Denis"]
[Black "Martinez Alcantara, Jose Eduardo"]
[WhiteFideId "13515110"]
[BlackFideId "3805662"]
[WhiteElo "2488"]
[BlackElo "2643"]
[Result "1-0"]
[Round "9"]
[TimeControl "600+2"]
[Date "2023.03.13"]
[WhiteClock "0:00:43"]
[BlackClock "0:00:11"]

1. d4 Nf6 2. c4 e6 3. Nf3 Bb4+ 4. Bd2 Qe7 5. g3 Nc6 6. Nc3 O-O 7. Bg2 Bxc3 8. Bxc3 d6 9. d5 Nd8 10. O-O e5 11. Qc2 c6 12. e4 Bg4 13. Nh4 Rc8 14. Qd2 cxd5 15. cxd5 b6 16. f4 Nb7 17. fxe5 dxe5 18. Qg5 Rxc3 19. bxc3 Bd7 20. h3 Rc8 21. Qe3 Nd6 22. a4 h6 23. Kh2 Nc4 24. Qd3 Nd6 25. Rfb1 Rc7 26. Rb4 Bc8 27. a5 b5 28. a6 Bd7 29. Nf3 Nh7 30. Nd2 Ng5 31. Qe3 g6 32. Rab1 Bc8 33. Ra1 Kg7 34. Bf1 Qd7 35. Nf3 f6 36. Nxg5 hxg5 37. g4 Qe8 38. Ra5 Bd7 39. c4 bxc4 40. Rc5 Qc8 41. Rxc7 Qxc7 42. Bxc4 Nxc4 43. Rb7 Qa5 44. Rxd7+ Kh6 45. Qf2 Qa3 46. Qxf6 Qb2+ 47. Kg3 Qc3+ 48. Qf3 Qe1+ 49. Qf2 Qc3+ 50. Kh2 Qa3 51. d6 Ne3 52. Qf8# 1-0


[Site "Internet"]

[Event "Chessable Masters - Torneo preliminare"]
[White "Yu, Yangyi"]
[Black "Bluebaum, Matthias"]
[WhiteFideId "8603820"]
[BlackFideId "24651516"]
[WhiteElo "2734"]
[BlackElo "2601"]
[Result "1-0"]
[Round "9"]
[TimeControl "600+2"]
[Date "2023.03.13"]
[WhiteClock "0:00:14"]
[BlackClock "0:00:04"]

1. Nf3 d5 2. g3 Nf6 3. Bg2 e6 4. O-O Bd6 5. c4 O-O 6. b3 Nc6 7. Bb2 d4 8. e3 e5 9. exd4 exd4 10. d3 Bc5 11. Re1 Re8 12. Rxe8+ Qxe8 13. Na3 Bg4 14. h3 Bf5 15. Nc2 Qd7 16. g4 Bg6 17. a3 a5 18. Nh4 Qd6 19. Qd2 Re8 20. Nxg6 hxg6 21. Re1 Rxe1+ 22. Qxe1 g5 23. Bc1 Ne5 24. Qe2 Ng6 25. Bxg5 Bxa3 26. Bxb7 Bc5 27. Ne1 Nh7 28. Bc1 Nf6 29. g5 Nd7 30. Qe8+ Ngf8 31. Nf3 c6 32. Bd2 Qc7 33. Bc8 Nb6 34. Bg4 Bb4 35. Bxb4 axb4 36. Nxd4 Qf4 37. Nxc6 Qxg5 38. Ne7+ Kh7 39. Qxf8 Qc1+ 40. Kg2 Nd7 41. Qg8+ Kh6 42. Qh8+ Kg5 43. Qxg7+ Kh4 44. Nf5# 1-0


[Site "Internet"]

[Event "Chessable Masters - Torneo preliminare"]
[White "Salem, A.R. Saleh"]
[Black "Tabatabaei, M. Amin"]
[WhiteFideId "9301348"]
[BlackFideId "12521213"]
[WhiteElo "2654"]
[BlackElo "2558"]
[Result "0-1"]
[Round "9"]
[TimeControl "600+2"]
[Date "2023.03.13"]
[WhiteClock "0:00:08"]
[BlackClock "0:00:19"]

1. d4 Nf6 2. c4 e6 3. Nf3 d5 4. g3 Bb4+ 5. Bd2 Be7 6. Bg2 O-O 7. O-O h6 8. Qc2 c6 9. Rd1 Nbd7 10. b3 b6 11. Bc3 Bb7 12. Nbd2 Qc7 13. Rac1 Rfd8 14. Bb2 Rac8 15. cxd5 exd5 16. Nh4 Bf8 17. Nf5 Re8 18. Re1 g6 19. Nh4 Bg7 20. b4 Qd6 21. a3 c5 22. dxc5 bxc5 23. Qb1 cxb4 24. axb4 Rxc1 25. Bxc1 Ba6 26. b5 Rb8 27. Bb2 Bxb5 28. Qa1 Qa6 29. Qxa6 Bxa6 30. Bd4 Ra8 31. Bf3 Bb5 32. Rb1 a6 33. Ng2 Re8 34. Nf4 g5 35. Nxd5 Nxd5 36. Bxg7 Kxg7 37. Bxd5 Rxe2 38. Nb3 Re5 39. Bb7 Nc5 40. Nxc5 Rxc5 41. Ra1 Rc7 42. Bg2 Ra7 43. Ra5 Kf6 44. Bf1 Rb7 45. Bg2 Rb8 46. h4 gxh4 47. gxh4 Ke5 48. Kh2 Kd4 49. Bf3 Kc3 50. Kg3 Kb4 51. Ra1 a5 52. Bd1 a4 53. Kf4 a3 54. Rb1+ Kc5 55. Rc1+ Bc4 56. Be2 Rb4 57. Ke5 a2 58. f4 Kb5 59. Bxc4+ Rxc4 60. Ra1 Ra4 61. Kf6 Rxf4+ 62. Kg7 Rf2 63. Kxh6 Kb4 64. Kg7 Kb3 65. h5 Kb2 66. Rh1 a1=Q 67. Rxa1 Kxa1 0-1


[Site "Internet"]

[Event "Chessable Masters - Torneo preliminare"]
[White "Kravtsiv, Martyn"]
[Black "Giri, Anish"]
[WhiteFideId "14113147"]
[BlackFideId "24116068"]
[WhiteElo "2675"]
[BlackElo "2714"]
[Result "1/2-1/2"]
[Round "9"]
[TimeControl "600+2"]
[Date "2023.03.13"]
[WhiteClock "0:03:34"]
[BlackClock "0:04:50"]

1. e4 c5 2. Nf3 d6 3. Bb5+ Nd7 4. d4 cxd4 5. Qxd4 a6 6. Bxd7+ Bxd7 7. O-O e5 8. Qd3 Rc8 9. c4 b5 10. Na3 Qb6 11. cxb5 axb5 12. Bd2 Nf6 13. Bb4 d5 14. Bxf8 dxe4 15. Qd6 Qxd6 16. Bxd6 exf3 17. gxf3 Nh5 18. Rfe1 f6 19. Bxe5 Kf7 20. Bd6 Bc6 21. Rac1 Rhd8 22. Re7+ Kg6 23. Rc7 Bb7 1/2-1/2


[Site "Internet"]

[Event "Chessable Masters - Torneo preliminare"]
[White "Pantsulaia, Levan"]
[Black "Yakubboev, Nodirbek"]
[WhiteFideId "13602071"]
[BlackFideId "14203987"]
[WhiteElo "2533"]
[BlackElo "2577"]
[Result "1-0"]
[Round "9"]
[TimeControl "600+2"]
[Date "2023.03.13"]
[WhiteClock "0:03:59"]
[BlackClock "0:02:18"]

1. Nf3 Nf6 2. g3 d5 3. c4 e6 4. Bg2 Nc6 5. O-O Bd6 6. b3 a5 7. Nc3 O-O 8. e3 dxc4 9. bxc4 e5 10. d3 Bf5 11. Bb2 Nb4 12. Ne1 Be7 13. Nd5 Nfxd5 14. cxd5 Bg6 15. e4 f6 16. d4 exd4 17. Bxd4 Bf7 18. a3 Na6 19. Nd3 c5 20. Be3 c4 21. Nf4 b5 22. Qe2 a4 23. Rfd1 Nc5 24. d6 Nb3 25. dxe7 Qxe7 26. Ra2 Rad8 27. Nd5 Bxd5 28. Rxd5 Rxd5 29. exd5 Re8 30. Bh3 Nc1 31. Be6+ Qxe6 32. dxe6 Nxe2+ 33. Rxe2 Rxe6 34. Rd2 Rc6 35. Kf1 Kf7 36. Rd5 c3 37. Ke2 c2 38. Bc1 1-0


[Site "Internet"]

[Event "Chessable Masters - Torneo preliminare"]
[White "Kramnik, Vladimir"]
[Black "Smirnov, Pavel"]
[WhiteFideId "4101588"]
[BlackFideId "4123425"]
[WhiteElo "2756"]
[BlackElo "2470"]
[Result "1-0"]
[Round "9"]
[TimeControl "600+2"]
[Date "2023.03.13"]
[WhiteClock "0:00:11"]
[BlackClock "0:00:06"]

1. c4 e6 2. Nc3 d5 3. d4 c6 4. e3 Nf6 5. Nf3 Nbd7 6. Be2 Bd6 7. O-O O-O 8. b3 b6 9. Bb2 Bb7 10. Rc1 Rc8 11. Rc2 Qe7 12. Qc1 Rfe8 13. Rd1 a6 14. h3 b5 15. a3 h6 16. a4 b4 17. Nb1 Ne4 18. Nbd2 f5 19. Ne5 Nxe5 20. dxe5 Bb8 21. Nxe4 fxe4 22. Bg4 Rcd8 23. Bd4 Qg5 24. cxd5 exd5 25. Rxc6 Bxc6 26. Qxc6 Bxe5 27. Bb6 Rb8 28. a5 Kh8 29. Rxd5 h5 30. Bd7 Re7 31. Bc8 Qf6 32. Rd8+ Kh7 33. Qxe4+ g6 34. Qd5 Rg7 35. Bxa6 Rxd8 36. Bxd8 Qf5 37. f4 Qb1+ 38. Kh2 Bc3 39. Bd3 Qe1 40. Qxh5+ Kg8 41. Bc4+ Kf8 42. Qh8+ 1-0


[Site "Internet"]

[Event "Chessable Masters - Torneo preliminare"]
[White "Oparin, Grigoriy"]
[Black "Vallejo Pons, Francisco"]
[WhiteFideId "24125890"]
[BlackFideId "2205530"]
[WhiteElo "2650"]
[BlackElo "2662"]
[Result "1-0"]
[Round "9"]
[TimeControl "600+2"]
[Date "2023.03.13"]
[WhiteClock "0:01:45"]
[BlackClock "0:00:04"]

1. d4 e6 2. c4 b6 3. a3 Bb7 4. Nc3 Nf6 5. Nf3 Ne4 6. Qc2 Nxc3 7. Qxc3 Be7 8. g3 Bf6 9. Qd3 c5 10. dxc5 Na6 11. Bg2 Nxc5 12. Qd1 d5 13. Nd2 O-O 14. O-O Rc8 15. Rb1 dxc4 16. Nxc4 Qxd1 17. Rxd1 Ba6 18. Nd6 Bxe2 19. Re1 Bd3 20. Nxc8 Rxc8 21. Be3 Bxb1 22. Rxb1 Na4 23. b3 Nc3 24. Re1 Kf8 25. a4 Nd5 26. Bxd5 exd5 27. Rd1 d4 28. Bd2 Ke7 29. Kf1 Rc2 30. Ke2 Rb2 31. Rc1 Kd6 32. b4 Rb3 33. Rc8 Kd5 34. Ra8 d3+ 35. Kf3 Bd4 36. Rd8+ Kc4 37. Ke4 Bxf2 38. Rc8+ Bc5 39. bxc5 bxc5 40. Be3 Rb4 41. Rxc5+ Kb3+ 42. Kxd3 Rxa4 43. Rc7 a5 44. Rxf7 Ra2 45. h4 Rg2 46. Rxg7 a4 47. Rb7+ Ka2 48. Bf4 a3 49. Rxh7 Kb3 50. Rb7+ Ka4 51. Ra7+ Kb3 52. Ke4 a2 53. Kf3 Rg1 54. Be5 Re1 55. Bg7 Rf1+ 56. Kg4 Rf7 57. Rxf7 a1=Q 58. Bxa1 1-0


[Site "Internet"]

[Event "Chessable Masters - Torneo preliminare"]
[White "Gukesh, D"]
[Black "Wagner, Dennis"]
[WhiteFideId "46616543"]
[BlackFideId "24650684"]
[WhiteElo "2629"]
[BlackElo "2456"]
[Result "1-0"]
[Round "9"]
[TimeControl "600+2"]
[Date "2023.03.13"]
[WhiteClock "0:05:04"]
[BlackClock "0:02:21"]

1. d4 Nf6 2. c4 e6 3. Nf3 d5 4. Nc3 c5 5. cxd5 cxd4 6. Qxd4 exd5 7. Bg5 Be7 8. e3 O-O 9. Rd1 Nc6 10. Qa4 Be6 11. Bb5 Qb6 12. Bxf6 Bxf6 13. Nxd5 Bxd5 14. Rxd5 Rad8 15. Bxc6 bxc6 16. Rxd8 Rxd8 17. b3 Bc3+ 18. Ke2 Qb5+ 19. Qxb5 cxb5 20. Rd1 Rxd1 21. Kxd1 Kf8 22. Nd4 a6 23. Ke2 Ke7 24. Kd3 Be1 25. f4 g6 26. Nf3 Ba5 27. e4 f6 28. e5 fxe5 29. fxe5 Kd7 30. Nd4 h5 31. Ke4 Bc3 32. Kd5 g5 33. h3 g4 34. hxg4 hxg4 35. Nf5 Bd2 36. e6+ Kc7 37. Ke5 Bg5 38. Kd5 Bf4 39. Ne7 Bc1 40. Ng6 g3 41. Ne7 Be3 42. Nf5 Bf2 43. Ke5 Be1 44. Kf6 1-0


[Site "Internet"]

[Event "Chessable Masters - Torneo preliminare"]
[White "Antipov, Mikhail Al."]
[Black "Michalik, Peter"]
[WhiteFideId "4107012"]
[BlackFideId "14907526"]
[WhiteElo "2593"]
[BlackElo "2526"]
[Result "0-1"]
[Round "9"]
[TimeControl "600+2"]
[Date "2023.03.13"]
[WhiteClock "0:00:09"]
[BlackClock "0:03:42"]

1. e4 e5 2. Nf3 Nc6 3. Bc4 Nf6 4. d3 Bc5 5. Nbd2 O-O 6. O-O d6 7. c3 a5 8. Bb5 Ba7 9. h3 Ne7 10. d4 exd4 11. cxd4 d5 12. e5 Ne4 13. Bd3 Bf5 14. Qe2 Nc6 15. Nxe4 dxe4 16. Bxe4 Nxd4 17. Nxd4 Bxe4 18. Qxe4 Qxd4 19. Qxb7 Qxe5 20. Bd2 Rfb8 21. Qf3 Bd4 22. Rac1 Bxb2 23. Bf4 Qf6 24. Rxc7 Re8 25. Rc6 Qf5 26. Rd1 Be5 27. Be3 Qxf3 28. gxf3 a4 29. Rd7 h6 30. Kg2 Rec8 31. Ra7 Rcb8 32. f4 Bb2 33. Rb6 a3 34. Kf3 Re8 35. Rxa8 Rxa8 36. Rc6 Ra5 37. Bc5 Ra4 38. Rc8+ Kh7 39. Rc7 Kg6 40. Be3 f5 41. Ke2 Kh5 42. Rc5 g6 43. Rc6 Bd4 44. Bd2 Ra8 45. Rd6 Re8+ 46. Kf3 Bb2 47. Rd3 Re4 48. Be3 Ra4 49. Rb3 Ra6 50. Kg3 Bf6 51. Kf3 Ra5 52. Bc1 Bb2 53. Bd2 Ra4 54. Bb4 g5 55. fxg5 hxg5 56. Kg2 Ra6 57. Bc5 Ra5 58. Bf8 Ra8 59. Be7 Ra7 60. Bd6 Ra6 61. Rd3 Ra4 62. Bf8 Ra8 63. Be7 Ra7 64. Bc5 Ra5 65. Bd6 Ra7 66. Kf1 Rd7 67. Ke2 Rd8 68. Rd5 Kg6 69. f3 Rh8 70. Rd3 Rxh3 71. Bxa3 Rh2+ 72. Kf1 Be5 73. Bd6 Kf6 74. a4 Ra2 75. Bxe5+ Kxe5 76. Rc3 Kf4 77. Rd3 Rxa4 78. Kg2 Ra2+ 79. Kf1 Kg3 80. Ke1 Ra5 81. Kf1 f4 82. Rc3 Ra1+ 83. Ke2 Ra2+ 84. Ke1 Kg2 85. Rc5 g4 86. fxg4 f3 0-1


[Site "Internet"]

[Event "Chessable Masters - Torneo preliminare"]
[White "Kamsky, Gata"]
[Black "Sarana, Alexey"]
[WhiteFideId "2000024"]
[BlackFideId "24133795"]
[WhiteElo "2630"]
[BlackElo "2643"]
[Result "1/2-1/2"]
[Round "9"]
[TimeControl "600+2"]
[Date "2023.03.13"]
[WhiteClock "0:09:48"]
[BlackClock "0:09:55"]

1. e4 c5 2. Nf3 d6 3. d4 cxd4 4. Nxd4 Nf6 5. Nc3 a6 6. a4 e5 7. Nf3 Be7 8. Bc4 Be6 9. Qe2 Qc8 10. Ba2 Nbd7 11. O-O Nc5 12. Rd1 O-O 13. Bg5 1/2-1/2


[Site "Internet"]

[Event "Chessable Masters - Torneo preliminare"]
[White "Alonso Rosell, Alvar"]
[Black "Henriquez Villagra, Cristobal"]
[WhiteFideId "2270544"]
[BlackFideId "3409350"]
[WhiteElo "2473"]
[BlackElo "2574"]
[Result "1-0"]
[Round "9"]
[TimeControl "600+2"]
[Date "2023.03.13"]
[WhiteClock "0:04:20"]
[BlackClock "0:01:13"]

1. d4 g6 2. c4 d6 3. Nf3 Bg7 4. g3 Nf6 5. Bg2 O-O 6. Nc3 Nc6 7. d5 Na5 8. b3 c5 9. Bb2 a6 10. O-O b5 11. cxb5 axb5 12. Nxb5 Ba6 13. Nc3 Qc7 14. Rb1 Rfb8 15. Ba1 Rb4 16. Nd2 Rab8 17. Nce4 Nxd5 18. Bxg7 Kxg7 19. a3 Rd4 20. e3 Rd3 21. Qc2 Nf6 22. Nxf6 exf6 23. Rfd1 Qa7 24. Be4 c4 25. Bxd3 cxd3 26. Qc3 Qb6 27. b4 Nc4 28. Nxc4 Qc6 29. b5 Rxb5 30. Rxb5 Bxb5 31. Rc1 Qd5 32. Nd2 1-0


[Site "Internet"]

[Event "Chessable Masters - Torneo preliminare"]
[White "Durarbayli, Vasif"]
[Black "Wei, Yi"]
[WhiteFideId "13402935"]
[BlackFideId "8603405"]
[WhiteElo "2531"]
[BlackElo "2716"]
[Result "1-0"]
[Round "9"]
[TimeControl "600+2"]
[Date "2023.03.13"]
[WhiteClock "0:00:05"]
[BlackClock "0:00:03"]

1. e4 e5 2. Nf3 Nc6 3. Bb5 a6 4. Ba4 Nf6 5. O-O Bc5 6. c3 b5 7. Bb3 d6 8. d4 Bb6 9. h3 O-O 10. Be3 h6 11. dxe5 dxe5 12. Qe2 Bxe3 13. Qxe3 Qe7 14. Nbd2 Na5 15. a4 Bb7 16. axb5 axb5 17. Ba2 c5 18. Nh4 c4 19. Nf5 Qe6 20. Qg3 Ne8 21. Bb1 Kh8 22. Nf3 Nc6 23. Rxa8 Bxa8 24. Rd1 Qf6 25. Rd7 Kh7 26. Nh2 Rg8 27. Ng4 Qe6 28. Rd5 Kh8 29. Qh4 Kh7 30. Rxb5 Nc7 31. Rd5 Ne8 32. Bc2 Qg6 33. Rd7 Nb8 34. Rd8 Nf6 35. Nxf6+ Qxf6 36. Qxf6 1-0


[Site "Internet"]

[Event "Chessable Masters - Torneo preliminare"]
[White "Sjugirov, Sanan"]
[Black "Vokhidov, Shamsiddin"]
[WhiteFideId "4189302"]
[BlackFideId "14204223"]
[WhiteElo "2543"]
[BlackElo "2514"]
[Result "1-0"]
[Round "9"]
[TimeControl "600+2"]
[Date "2023.03.13"]
[WhiteClock "0:00:12"]
[BlackClock "0:00:15"]

1. d4 Nf6 2. c4 e6 3. Nf3 d5 4. g3 dxc4 5. Bg2 Nc6 6. Qa4 Bb4+ 7. Bd2 Nd5 8. Bxb4 Nxb4 9. O-O Rb8 10. Nc3 a6 11. Ne5 O-O 12. Nxc6 Nxc6 13. Bxc6 bxc6 14. Qxc4 Qd6 15. b3 Rb4 16. Ne4 Rxc4 17. Nxd6 Rxd4 18. Nc4 e5 19. Rfc1 f6 20. Kf1 Rd5 21. Ke1 Be6 22. Rc2 Rc5 23. Rac1 Rd8 24. Nd2 Rxc2 25. Rxc2 Rd6 26. Ne4 Bf5 27. Nxd6 Bxc2 28. Ne8 a5 29. Kd2 Bf5 30. Nxc7 Kf7 31. Na6 Ke7 32. Nc5 Bc8 33. Kc3 Kd6 34. Kc4 Kc7 35. b4 axb4 36. Kxb4 Bg4 37. e3 Bc8 38. a4 Kb6 39. a5+ Kc7 40. Kc4 Bg4 41. f4 Bc8 42. fxe5 fxe5 43. Ne4 Bf5 44. Nc5 Bc8 45. Kb4 h6 46. Kc4 Bh3 47. Nd3 Bf1 48. Kc3 Kd6 49. a6 Kc7 50. a7 Kb7 51. Nxe5 Bg2 52. Kd4 Kxa7 53. Kc5 Kb7 54. Ng6 Bd5 55. Ne7 Be4 56. Kd4 Bc2 57. Kc5 Be4 58. g4 Kc7 59. Nf5 Bf3 60. h3 Bg2 61. h4 Bh3 62. Nxg7 Bxg4 63. Ne8+ Kd8 64. Nd6 Kd7 65. Nf7 h5 66. Ne5+ Ke6 67. Nxc6 Bh3 68. e4 Bf1 69. Kd4 Kd6 70. Ne5 Ke6 71. Nd3 Bxd3 72. Kxd3 Ke5 73. Ke3 Ke6 74. Kf4 Kf6 75. e5+ Ke6 76. Ke4 Ke7 77. Kf5 Kf7 78. Kg5 Ke6 79. Kxh5 Kxe5 80. Kg6 1-0


[Site "Internet"]

[Event "Chessable Masters - Torneo preliminare"]
[White "Makarian, Rudik"]
[Black "Nguyen, Ngoc Truong Son"]
[WhiteFideId "44105681"]
[BlackFideId "12401110"]
[WhiteElo "2462"]
[BlackElo "2585"]
[Result "1-0"]
[Round "9"]
[TimeControl "600+2"]
[Date "2023.03.13"]
[WhiteClock "0:03:13"]
[BlackClock "0:00:04"]

1. d4 Nf6 2. c4 g6 3. Nc3 Bg7 4. e4 d6 5. Be2 Nbd7 6. Nf3 e5 7. O-O O-O 8. Be3 c6 9. d5 Qc7 10. Nd2 a6 11. Rc1 c5 12. g4 Kh8 13. Kh1 Qd8 14. Rg1 Ng8 15. Rg2 Bh6 16. g5 Bg7 17. h4 f5 18. exf5 Rxf5 19. Nde4 Nf8 20. h5 gxh5 21. Bxh5 Ne7 22. Rh2 Neg6 23. Bxg6 Nxg6 24. Qh5 Nf8 25. Ng3 Qe7 26. Nce4 Kg8 27. Rg1 b5 28. Nxf5 Bxf5 29. Nf6+ Kh8 30. Nxh7 Bxh7 31. g6 bxc4 32. gxh7 Qb7 33. f3 Qxd5 34. Rxg7 1-0


[Site "Internet"]

[Event "Chessable Masters - Torneo preliminare"]
[White "Harikrishna, Pentala"]
[Black "Anton Guijarro, David"]
[WhiteFideId "5007003"]
[BlackFideId "2285525"]
[WhiteElo "2627"]
[BlackElo "2635"]
[Result "1-0"]
[Round "9"]
[TimeControl "600+2"]
[Date "2023.03.13"]
[WhiteClock "0:00:37"]
[BlackClock "0:00:04"]

1. e4 c6 2. Nf3 d5 3. d3 g6 4. e5 c5 5. d4 cxd4 6. Nxd4 Bg7 7. Bb5+ Bd7 8. Qe2 Bxb5 9. Qxb5+ Qd7 10. Qxd7+ Kxd7 11. f4 Nc6 12. Be3 Nxd4 13. Bxd4 e6 14. c4 Ne7 15. cxd5 Nxd5 16. Nc3 Nxc3 17. Bxc3 Rhc8 18. Ke2 Bf8 19. Rhd1+ Ke8 20. Rac1 Be7 21. g3 Rc6 22. Bd4 Rac8 23. Rxc6 Rxc6 24. Bxa7 Ra6 25. Bd4 Rxa2 26. Kd3 h5 27. h3 Kd7 28. g4 hxg4 29. hxg4 Ra4 30. Rh1 Kc6 31. Rh7 Kd5 32. Be3 Rb4 33. Rxf7 Rb3+ 34. Ke2 Ke4 35. Bd2 Bc5 36. Bc3 Be3 37. f5 gxf5 38. gxf5 exf5 39. e6 Rb6 40. Rf6 f4 41. e7 1-0


[Site "Internet"]

[Event "Chessable Masters - Torneo preliminare"]
[White "Terry, Renato"]
[Black "Malakhov, Vladimir"]
[WhiteFideId "3803457"]
[BlackFideId "4120787"]
[WhiteElo "2472"]
[BlackElo "2666"]
[Result "1/2-1/2"]
[Round "9"]
[TimeControl "600+2"]
[Date "2023.03.13"]
[WhiteClock "0:05:40"]
[BlackClock "0:07:12"]

1. Nf3 d5 2. e3 Nf6 3. b3 Bg4 4. Bb2 e6 5. h3 Bxf3 6. Qxf3 Nbd7 7. g4 h6 8. d3 Bb4+ 9. c3 Bd6 10. Nd2 Qe7 11. a3 Nc5 12. Qe2 c6 13. Bg2 e5 14. d4 exd4 15. cxd4 Nce4 16. Nf3 Nd7 17. Nd2 Ndf6 18. Nf3 Nd7 19. Nd2 Ndf6 1/2-1/2


[Site "Internet"]

[Event "Chessable Masters - Torneo preliminare"]
[White "Pichot, Alan"]
[Black "Svane, Rasmus"]
[WhiteFideId "110973"]
[BlackFideId "4657101"]
[WhiteElo "2549"]
[BlackElo "2621"]
[Result "0-1"]
[Round "9"]
[TimeControl "600+2"]
[Date "2023.03.13"]
[WhiteClock "0:00:24"]
[BlackClock "0:00:35"]

1. e4 e5 2. Nf3 Nc6 3. Bb5 a6 4. Ba4 Nf6 5. O-O Be7 6. Re1 b5 7. Bb3 O-O 8. a4 b4 9. d3 d6 10. a5 Be6 11. Bxe6 fxe6 12. Nbd2 Rb8 13. c3 bxc3 14. bxc3 Rb5 15. d4 exd4 16. cxd4 Nxa5 17. Qc2 Qd7 18. Ba3 Rc8 19. Rac1 h6 20. e5 dxe5 21. Nxe5 Qe8 22. Bxe7 Qxe7 23. Ndf3 Qd6 24. Qg6 Rf8 25. Rc2 c5 26. dxc5 Rxc5 27. Rce2 Rd5 28. Ng4 Nxg4 29. Rxe6 Qf4 30. Re7 Qf6 31. Qxg4 Rg5 32. Qe6+ Qxe6 33. R7xe6 Rxf3 34. Rxa6 Rf6 35. Rxf6 gxf6 36. g3 Kf7 37. Kg2 Nc6 38. Rc1 Nd4 39. Rc7+ Kg6 40. Rd7 Ne6 41. Rd6 Re5 42. Rd2 f5 43. Rd6 Kf6 44. Rd2 Rc5 45. Ra2 Rc6 46. Rd2 Ng5 47. Ra2 Rd6 48. f3 Nf7 49. Re2 Ne5 50. Ra2 Nc4 51. Kh3 Kg5 52. Ra4 Nd2 53. f4+ Kg6 54. g4 Rd3+ 55. Kh4 Nf3+ 56. Kg3 Ne5+ 57. Kh4 Nxg4 58. Ra6+ Nf6 59. h3 Rd4 60. Kg3 Re4 61. Kf3 Rd4 62. Ke3 Rb4 63. Kf3 Rb3+ 64. Kg2 Rd3 65. Rb6 Kf7 66. Rb7+ Ke6 67. Rb6+ Rd6 68. Rb7 Nh5 69. Rb4 Kf6 70. Kf3 Rd3+ 71. Kg2 Re3 72. Rb6+ Re6 73. Rb4 Re4 74. Rb6+ Kg7 75. Rb7+ Kf8 76. Rb8+ Ke7 77. Rb7+ Ke8 78. Rb8+ Kd7 79. Rb7+ Kc6 80. Rh7 Nxf4+ 81. Kf3 Ne6 82. Rxh6 Kd5 83. h4 Ke5 84. Rh8 Nd4+ 85. Kg3 Re3+ 86. Kg2 Re2+ 87. Kh3 Kf4 88. Ra8 Re3+ 89. Kg2 Kg4 90. Rg8+ Kxh4 91. Kf2 Re2+ 92. Kf1 Re4 93. Kf2 Ne6 94. Kf3 Ng5+ 95. Kf2 Kg4 96. Rg7 Kf4 97. Rg8 Nf7 98. Rg7 Ne5 99. Rg8 Ng4+ 100. Kg2 Re2+ 101. Kf1 Rd2 102. Ra8 Kf3 103. Ra3+ Ne3+ 104. Kg1 f4 105. Kh1 Kg3 106. Ra1 Rd1+ 0-1


[Site "Internet"]

[Event "Chessable Masters - Torneo preliminare"]
[White "Kosteniuk, Alexandra"]
[Black "Paravyan, David"]
[WhiteFideId "4128125"]
[BlackFideId "4194985"]
[WhiteElo "2524"]
[BlackElo "2598"]
[Result "1/2-1/2"]
[Round "9"]
[TimeControl "600+2"]
[Date "2023.03.13"]
[WhiteClock "0:00:11"]
[BlackClock "0:00:30"]

1. e4 e5 2. Nf3 Nf6 3. Nxe5 d6 4. Nf3 Nxe4 5. d4 d5 6. Bd3 Be7 7. O-O Nc6 8. Nbd2 Nd6 9. c3 Bf5 10. Qc2 Bxd3 11. Qxd3 O-O 12. Ne5 Re8 13. b3 Bf6 14. f4 Ne7 15. Ba3 Qc8 16. Qf3 b6 17. g4 c5 18. Rfe1 Nb5 19. Bb2 cxd4 20. c4 Nc3 21. Nd3 h6 22. Ba3 Ng6 23. cxd5 Re3 24. Rxe3 dxe3 25. Nc4 Nh4 26. Qh3 h5 27. Nce5 Ne2+ 28. Kf1 Qc2 29. Qxe3 Nxf4 30. Qxf4 Qg2+ 31. Ke1 Qxd5 32. Ke2 Re8 33. Bb2 hxg4 34. Qc4 Qg2+ 35. Kd1 Nf3 36. Qxf7+ Kh7 37. Qh5+ Kg8 38. Qxe8+ Kh7 39. Qh5+ Kg8 40. Qf7+ Kh7 41. Qg6+ Kg8 42. Qe8+ Kh7 43. Qh5+ Kg8 44. Qe8+ 1/2-1/2


[Site "Internet"]

[Event "Chessable Masters - Torneo preliminare"]
[White "Darini, Pouria"]
[Black "Chirila, Ioan-Cristian"]
[WhiteFideId "12502200"]
[BlackFideId "1211668"]
[WhiteElo "2573"]
[BlackElo "2508"]
[Result "1/2-1/2"]
[Round "9"]
[TimeControl "600+2"]
[Date "2023.03.13"]
[WhiteClock "0:05:21"]
[BlackClock "0:05:10"]

1. e4 c5 2. Nf3 Nc6 3. Bb5 g6 4. O-O Bg7 5. d3 Nd4 6. Nxd4 cxd4 7. c3 a6 8. Bc4 e6 9. cxd4 Bxd4 10. Nc3 b5 11. Bb3 Bb7 12. Be3 Qb6 13. Qf3 Ne7 14. a4 O-O 15. axb5 axb5 16. Rxa8 Bxa8 17. Ne2 Bxe3 18. Qxe3 1/2-1/2


[Site "Internet"]

[Event "Chessable Masters - Torneo preliminare"]
[White "Grischuk, Alexander"]
[Black "Aditya, Mittal"]
[WhiteFideId "4126025"]
[BlackFideId "35042025"]
[WhiteElo "2731"]
[BlackElo "2386"]
[Result "1-0"]
[Round "9"]
[TimeControl "600+2"]
[Date "2023.03.13"]
[WhiteClock "0:00:19"]
[BlackClock "0:00:27"]

1. d4 Nf6 2. Nf3 d5 3. Bg5 c5 4. Bxf6 gxf6 5. dxc5 e6 6. e3 Bxc5 7. Nbd2 Nc6 8. Be2 e5 9. O-O Be6 10. c4 e4 11. Nh4 f5 12. cxd5 Qxd5 13. Bc4 Qd7 14. Qh5 O-O-O 15. Rfd1 Bd6 16. Bb5 Qc7 17. Nxf5 Bxh2+ 18. Qxh2 Bxf5 19. Bxc6 bxc6 20. Qh5 Rd5 21. Nb3 Rhd8 22. Rxd5 Rxd5 23. Nd4 Bg6 24. Qe2 Qb6 25. b4 Qxb4 26. Rc1 Kd7 27. Nxc6 Qd2 28. Qc4 Rf5 29. Rf1 Qd5 30. Nb8+ Ke7 31. Qc7+ Kf8 32. Nc6 Rg5 33. Nd4 Bh5 34. Qf4 Bf3 35. Ne6+ Qxe6 36. Qxg5 Be2 37. Rb1 Qd6 38. Qf4 Qd5 39. Qf6 Ke8 40. Rb8+ 1-0


[Site "Internet"]

[Event "Chessable Masters - Torneo preliminare"]
[White "Mitrabha, Guha"]
[Black "Bortnyk, Olexandr"]
[WhiteFideId "5057000"]
[BlackFideId "14120828"]
[WhiteElo "2401"]
[BlackElo "2643"]
[Result "1/2-1/2"]
[Round "9"]
[TimeControl "600+2"]
[Date "2023.03.13"]
[WhiteClock "0:09:06"]
[BlackClock "0:06:13"]

1. d4 d6 2. Nf3 Nf6 3. g3 g6 4. Bg2 Bg7 5. O-O O-O 6. b3 a5 7. a4 Nc6 8. Bb2 Bf5 9. Nbd2 Ne4 10. Nh4 Nxd2 11. Qxd2 Bd7 12. Rad1 Qc8 13. Rfe1 Bh3 14. Bh1 Re8 15. Nf3 Bg4 1/2-1/2


[Site "Internet"]

[Event "Chessable Masters - Torneo preliminare"]
[White "Perez Ponsa, Federico"]
[Black "Bok, Benjamin"]
[WhiteFideId "117927"]
[BlackFideId "1017063"]
[WhiteElo "2586"]
[BlackElo "2608"]
[Result "1/2-1/2"]
[Round "9"]
[TimeControl "600+2"]
[Date "2023.03.13"]
[WhiteClock "0:03:03"]
[BlackClock "0:00:29"]

1. e4 c5 2. Nf3 d6 3. d4 cxd4 4. Nxd4 Nf6 5. Nc3 a6 6. Be2 e5 7. Nb3 Be7 8. Bg5 Be6 9. Bxf6 Bxf6 10. Qd3 Be7 11. O-O-O Nd7 12. Nd5 Bxd5 13. Qxd5 Qc7 14. Kb1 O-O 15. Nd2 b5 16. Nf1 Nb6 17. Qd3 Rfd8 18. Ne3 Bg5 19. Nd5 Nxd5 20. Qxd5 Rac8 21. c3 Qb6 22. h4 Bh6 23. Bh5 Rc7 24. a3 g6 25. Bf3 Qxf2 26. h5 Kg7 27. hxg6 hxg6 28. Rh3 Qc5 29. Qd3 Qc4 30. Qc2 Qe6 31. Rdh1 Rh8 32. g3 Qf6 33. Bd1 Rcc8 34. Qh2 Qg5 35. Bb3 Rcf8 36. Qf2 Qe3 37. Qxe3 Bxe3 38. Rxh8 Rxh8 39. Rxh8 Kxh8 40. Bxf7 Kg7 41. Be6 Kf6 42. Bc8 a5 43. b4 axb4 44. axb4 Bf2 45. g4 Kg5 46. Kc2 Kf4 47. Kd3 Be1 48. Bd7 Kf3 49. Be8 Kxg4 50. Bxg6 Kg5 51. Be8 Kf6 52. Bxb5 Ke7 53. Kc4 Kd8 54. Ba4 Kc7 55. Bd1 Kb6 56. Bh5 Kc7 57. Bf7 Kb6 58. Be8 Kc7 59. Kb3 Kb6 60. Bf7 Kc7 61. Be6 Kb6 62. Bd5 Kc7 63. Kc2 Kb6 64. Kd3 Kc7 65. Bb3 Kb6 66. Kc4 Bd2 67. Bd1 Be1 68. Bh5 Bd2 69. Be8 Be1 70. Kd3 Kc7 71. Ba4 Kb6 72. Kc4 Bd2 73. Bc2 Be1 74. Bd3 Bd2 75. b5 Be3 76. Kd5 Bc5 77. c4 Ba3 78. Be2 Bc5 79. Bd3 Ba3 80. Be2 Bc5 81. Bd3 1/2-1/2


[Site "Internet"]